 Dungeon Crawl Stone Soup version 0.29-a0-330-g52719c12eb (webtiles) character file.

Game seed: 5187727614276776596

16 Alarak the Chopper (level 2, -1/26 HPs)
             Began as a Hill Orc Monk on Apr 24, 2022.
             Slain by a quokka (5 damage)
             ... on level 1 of the Dungeon.
             The game lasted 00:00:29 (512 turns).

Alarak the Chopper (Hill Orc Monk)                   Turns: 512, Time: 00:00:29

Health: -1/26      AC:  2    Str: 13    XL:     2   Next: 54%
Magic:  2/2        EV: 12    Int: 10    God:
Gold:   20         SH:  0    Dex: 13    Spells: 1/1 levels left

rFire   . . .      SeeInvis .   a - +0 hand axe
rCold   . . .      Faith    .   (no shield)
rNeg    . . .      Spirit   .   b - +0 robe
rPois   .          Reflect  .   (no helmet)
rElec   .          Harm     .   (no cloak)
rCorr   .          Rampage  .   (no gloves)
Will    .....                   (no boots)
Stlth   ++........              (no amulet)
HPRegen 0.08/turn               (no ring)
MPRegen 0.08/turn               (no ring)

@: no status effects
A: no striking features
a: no special abilities


You were on level 1 of the Dungeon.
You visited 1 branch of the dungeon, and saw 1 of its levels.

You collected 20 gold pieces.

Inventory:

Hand Weapons
 a - a +0 hand axe (weapon)
Armour
 b - a +0 robe (worn)
Scrolls
 d - 3 scrolls of identify {unknown}
Potions
 c - a potion of ambrosia


   Skills:
 - Level 3.6 Fighting
 + Level 5.1 Axes
 - Level 2.4 Dodging
 - Level 1.5 Stealth


You had one spell level left.
You didn't know any spells.
Your spell library was empty.

Dungeon Overview and Level Annotations

Branches:
Dungeon (1/15)

Altars:


Message History

You are too injured to fight recklessly!
You are too injured to fight recklessly!
You hit the kobold.
You kill the kobold!
You hit the hobgoblin but do no damage. You hit the goblin.
You miss the quokka. The quokka misses you.
The goblin hits you with a +0 dagger.
* * * LOW HITPOINT WARNING * * *
The hobgoblin completely misses you.
Your Axes skill increases to level 5!
You barely miss the goblin.
The goblin is severely wounded.
You hit the hobgoblin.
You kill the hobgoblin!
You miss the quokka. The quokka closely misses you.
The goblin hits you with a +0 dagger.
* * * LOW HITPOINT WARNING * * *
You hit the goblin.
You kill the goblin!
You hit the quokka but do no damage. The quokka barely misses you.
You hit the quokka but do no damage.
The quokka bites you but does no damage.
The quokka barely misses you.
You hit the quokka.
The quokka is lightly wounded.
The quokka barely misses you.
You barely miss the quokka.
The quokka is lightly wounded.
The quokka bites you.
* * * LOW HITPOINT WARNING * * *
You closely miss the quokka.
The quokka is lightly wounded.
The quokka closely misses you.
You hit the quokka but do no damage.
The quokka is lightly wounded.
The quokka closely misses you. The quokka misses you.
You hit the quokka but do no damage.
The quokka is lightly wounded.
The quokka bites you.
You die...

#.# #.## #
#.# #.(# #
#######'###
##.# #
#.........#
#.## #
#.###.....#
#..# #
#.....#
##.## #
#.###....(#
#..# #
#.........#
##.###
+:...)@†..#
#..##
#....†)r..#
##.##
#.........#
#.##
...........#
#..#
...........#
##.#
...........#
#.#
...........#
#..
...........#
##. #.


You could see a quokka.

Vanquished Creatures
  3 ball pythons (D:1)
  An endoplasm (D:1)
  3 hobgoblins (D:1)
  A kobold (D:1)
  2 frilled lizards (D:1)
  3 goblins (D:1)
13 creatures vanquished.

Notes
Turn   | Place    | Note
-------+----------+-------------------------------------------
     0 | D:1      | Alarak the Hill Orc Monk began the quest for the Orb.
     0 | D:1      | Reached XP level 1. HP: 19/19 MP: 1/1
   394 | D:1      | Reached XP level 2. HP: 26/26 MP: 2/2
   505 | D:1      | Reached skill level 5 in Axes
   512 | D:1      | Slain by a quokka

Illustrated notes

Levels and vault maps discovered:
D:1:      shiori_arrival_oz, layout_basic

Skill      XL: |  1  2 |
---------------+-------+-----
Axes           | 5 |  5.1
Fighting       | |  3.6
Dodging        | |  2.4
Stealth        | |  1.5

Action                   || total
-------------------------++-------
Melee: Hand axe          ||    35
Armor: Robe              ||     7
Dodge: Dodged            ||    33

Table legend: (Time is in decaauts)
 A = Elapsed time spent in this place.
 B = Non-inter-level travel time spent in this place.
 C = Inter-level travel time spent in this place.
 D = Time resting spent in this place.
 E = Time spent auto-exploring this place.
 F = Levels seen in this place.
 G = Mean time per level.
                   A        B        C        D        E       F      G
               +--------+--------+--------+--------+--------+-----+--------+
         Total |    514 |    514 |      0 |    153 |    305 |   1 |  514.0 |
       Dungeon |    514 |    514 |      0 |    153 |    305 |   1 |  514.0 |
               +--------+--------+--------+--------+--------+-----+--------+

Top non-repeatable levels by time:
     D:1: 514 daAuts
